 Dungeon Crawl Stone Soup version 0.17.2-1-ge4368a0 (webtiles) character file.

11337 magog001 the Covert (level 11, -35/133 HPs)
             Began as a Vampire Assassin on Nov 5, 2016.
             Was a High Priest of Nemelex Xobeh.
             Annihilated by Maud
             ... wielding a +0 eveningstar
              (47 damage)
             ... on level 3 of the Lair of Beasts.
             The game lasted 01:39:51 (12301 turns).

magog001 the Covert (Vampire Assassin)             Turns: 12301, Time: 01:39:55

Health: -35/133    AC: 25    Str: 11    XL:     11   Next: 48%
Magic:  0/20       EV:  2    Int: 18    God:    Nemelex Xobeh [*****.]
Gold:   205        SH:  0    Dex: 18    Spells: 0 memorised, 10 levels left

rFire  . . .     SeeInvis +     V - +6 halberd of Corruption {chop, MP+9 Int+4}
rCold  . . .     Clarity  .     (armour currently unavailable)
rNeg   + + +     SustAt   .     (shield currently unavailable)
rPois  +         Gourm    .     (helmet currently unavailable)
rElec  .         Spirit   +     (cloak currently unavailable)
rCorr  .         Warding  .     (gloves currently unavailable)
rMut   .         NoTele   +     (boots currently unavailable)
MR     ++...                    L - amulet of guardian spirit
Stlth  +++++++++.               C - +3 ring of slaying
                                m - ring of protection from magic

@: tree-form, regenerating quickly, very resistant to hostile enchantments,
incredibly stealthy
A: (fangs 0), see invisible, robust 1, (unbreathing)
a: Triple Draw, Deal Four, Stack Five, Renounce Religion


You were on level 3 of the Lair of Beasts.
You worshipped Nemelex Xobeh.
Nemelex Xobeh was extremely pleased with you.
You were very full.
You were a tree.
You visited 2 branches of the dungeon, and saw 12 of its levels.

You collected 676 gold pieces.
You spent 471 gold pieces at shops.

Inventory:

Hand Weapons
 b - a +0 blowgun
 H - a +0 arbalest
 V - the +6 halberd of Corruption (weapon) {chop, MP+9 Int+4}
   (You found it on level 6 of the Dungeon)

   It inflicts extra damage upon your enemies.
   It affects your intelligence (+4).
   It affects your magic capacity (+9).
Missiles
 k - 10 tomahawks (quivered)
 o - 71 bolts
 r - 6 bolts of frost
 v - 25 poisoned needles
 w - 2 curare-tipped needles
Armour
 n - a +2 pair of gloves (melded)
 t - a +1 helmet (melded)
 D - a +2 cloak of poison resistance (melded)
 G - a +0 buckler
 M - a +1 pair of boots (melded)
 R - the +3 leather armour of Ashenzari's Regard {rC+ Stlth+, unknown}
   (You found it on level 9 of the Dungeon)

   It protects you from cold.
   It makes you more stealthy.
 S - the +1 ring mail of Sov Dusch (melded) {Regen+ MP+9 Dex+6 Stlth+}
   (You found it on level 6 of the Dungeon)

   It affects your dexterity (+6).
   It affects your magic capacity (+9).
   It increases your rate of regeneration.
   It makes you more stealthy.
Jewellery
 m - a ring of protection from magic (left branch)
 x - an uncursed ring of flight
 C - a +3 ring of slaying (right branch)
 L - an amulet of guardian spirit (around neck)
Wands
 z - a wand of frost (39)
 J - a wand of magic darts (20)
 U - a wand of fireball (5)
 W - a wand of teleportation (2)
Scrolls
 c - 2 scrolls of fear
 i - a scroll of identify
 p - a scroll of recharging
 q - a scroll of fog {unknown}
 B - 4 scrolls of amnesia
 K - 2 scrolls of random uselessness
 N - 4 scrolls of teleportation
 P - a scroll of acquirement {unknown}
 X - a scroll of remove curse
Potions
 a - a potion of lignification
 e - 2 potions of agility
 f - a potion of haste {unknown}
 g - 34 potions of blood
 s - a potion of flight {unknown}
 Q - 2 potions of cancellation
Books
 d - a book of Ice

   Spells                             Type                      Level
   a - Ice Form                       Ice/Transmutation            4
   b - Metabolic Englaciation         Hexes/Ice                    5
   c - Ozocubu's Refrigeration        Ice                          6
   d - Bolt of Cold                   Conjuration/Ice              6
   e - Freezing Cloud                 Conjuration/Ice/Air          6
   f - Simulacrum                     Ice/Necromancy               6
 y - a book of Fire

   Spells                             Type                      Level
   a - Ignite Poison                  Fire/Transmutation/Poison    3
   b - Fireball                       Conjuration/Fire             5
   c - Bolt of Fire                   Conjuration/Fire             6
   d - Delayed Fireball               Conjuration/Fire             7
   e - Ring of Flames                 Charms/Fire                  7
 F - a book of the Tempests

   Spells                             Type                      Level
   a - Static Discharge               Conjuration/Air              3
   b - Lightning Bolt                 Conjuration/Air              5
   c - Fireball                       Conjuration/Fire             5
   d - Tornado                        Air                          9
   e - Shatter                        Earth                        9
 O - a Fen Folio

   Spells                             Type                      Level
   a - Corpse Rot                     Necromancy                   2
   b - Stone Arrow                    Conjuration/Earth            3
   c - Leda's Liquefaction            Hexes/Earth                  4
   d - Summon Forest                  Summoning/Translocation      5
   e - Hydra Form                     Transmutation                6
   f - Summon Hydra                   Summoning                    7
 T - a book of Beasts

   Spells                             Type                      Level
   a - Summon Butterflies             Summoning                    1
   b - Call Canine Familiar           Summoning                    3
   c - Summon Ice Beast               Ice/Summoning                4
   d - Summon Mana Viper              Hexes/Summoning              5
   e - Summon Hydra                   Summoning                    7
Miscellaneous
 h - an ornate deck of destruction {drawn: 6}
 j - a plain deck of war {drawn: 11}
 l - a plain deck of war
 u - a plain deck of war
 A - an ornate deck of destruction
 E - a plain deck of destruction
 I - an ornate deck of escape
 Z - a plain deck of defence {drawn: 3}


   Skills:
 * Level 5.8 Fighting
   Level 4.0(4.2) Short Blades
   Level 1.4(2.7) Long Blades
 * Level 5.6 Polearms
 - Level 3.9 Crossbows
 + Level 3.8 Throwing
 + Level 4.0 Armour
 * Level 11.4 Dodging
 * Level 12.7 Stealth
 - Level 2.3 Shields
 + Level 0.8 Evocations


You had 10 spell levels left.
You didn't know any spells.

Dungeon Overview and Level Annotations

Branches:
Dungeon (9/15)             Temple (0/1) D:4            Lair (3/8) D:9
  Swamp: Lair:3-6    Shoals: Lair:3-6     Snake: Lair:3-6    Spider: Lair:3-6
    Orc: D:9-12

Altars:
Dithmenos
Elyvilon
Gozag
Kikubaaqudgha
Makhleb
Nemelex Xobeh
Okawaru
Qazlal
Xom

Shops:
D:9 ?=%?%

Annotations:
Lair:3 Maud


Innate Abilities, Weirdness & Mutations

Your natural rate of healing is unusually fast.
((You have razor-sharp teeth.))
You have supernaturally acute eyesight.
((You can survive without breathing.))
You are robust (+10% HP).


Message History

You barely miss Maud.
Maud is severely wounded.
Maud completely misses you.
You slash Maud!
Maud is almost dead.
Maud hits you with an eveningstar!!
You hit Maud but do no damage.
Maud is almost dead.
Maud hits you with an eveningstar!!
* * * LOW HITPOINT WARNING * * *
Drink which item? (? for menu, Esc to quit)
You turn into a tree.
Your +2 cloak of poison resistance melds into your body.
Your +1 helmet melds into your body.
Your +2 pair of gloves melds into your body.
Your +1 pair of boots melds into your body.
The +1 ring mail of Sov Dusch {Regen+ MP+9 Dex+6 Stlth+} melds into your body.
Your roots penetrate the ground.
Maud hits you with an eveningstar!!!
You die...
Your body glows slightly and disappears.

.[..# #P.#### ≈≈♣.#....
##..### . ♣♣P..#....##.
.#.....
..♣♣≈...................
........................
#.......................
#...#...#...............
#.....@+...............
#..##.♣P...............
#...............##..#.##
##..............######
#......$.......#####
#..............#.#.#
#..............##.#####
........................
#####..#.#####..##..#..#
###### #######.###


You could see Maud.

Vanquished Creatures
  A hydra (Lair:1)
  A cyclops (D:9)
  A black mamba (Lair:1)
  2 spiny frogs (Lair:1)
  6 komodo dragons
  A two-headed ogre (D:8)
  4 blink frogs (Lair:1)
  A yak (D:8)
  2 hippogriffs
  2 deep elf fighters (D:9)
  A hungry ghost (D:8)
  2 orc warriors (D:6)
  2 ice beasts
  A wasp (D:8)
  2 sky beasts
  7 water moccasins
  3 porcupines
  2 necrophages (D:9)
  4 ogres
  A phantom (D:8)
  3 centaurs
  4 crocodiles
  8 giant frogs
  A wyvern skeleton (D:7)
  A water moccasin zombie (D:9)
  3 scorpions
  11 killer bees
  6 wights
  2 jellies (D:5)
  3 crimson imps
  Crazy Yiuf (D:7)
  7 iguanas
  2 orc priests
  A centaur skeleton (D:6)
  7 orc wizards (D:6)
  3 hounds
  7 worker ants
  Jessica (D:2)
  2 sheep (D:9)
  5 hound zombies
  A hound skeleton (D:5)
  2 mummies (D:9)
  Robin (D:2)
  8 adders
  8 gnolls
  A worker ant zombie (D:9)
  30 river rats
  4 shadow imps
  An adder skeleton (D:8)
  5 worms
  8 giant geckos
  11 orcs
  2 ball pythons
  14 bats
  6 giant cockroaches
  14 goblins
  11 hobgoblins
  6 jackals
  8 giant newts
  A jackal skeleton (D:5)
  A jackal zombie (D:3)
  10 kobolds
  5 quokkas
  15 rats
  2 plants (D:9)
299 creatures vanquished.

Vanquished Creatures (collateral kills)
  An orc warrior (D:5)
  A black bear (D:4)
  Blork the orc (D:4)
3 creatures vanquished.

Vanquished Creatures (others)
  A plant (D:9)
1 creature vanquished.

Grand Total: 303 creatures vanquished

Notes
Turn   | Place    | Note
--------------------------------------------------------------
     0 | D:1      | magog001 the Vampire Assassin began the quest for the Orb.
     0 | D:1      | Reached XP level 1. HP: 16/16 MP: 1/1
   112 | D:1      | Reached skill level 6 in Stealth
   242 | D:1      | Reached XP level 2. HP: 20/22 MP: 2/2
   431 | D:1      | Reached XP level 3. HP: 15/27 MP: 3/3
   461 | D:1      | Reached skill level 7 in Stealth
   921 | D:2      | Noticed Robin
   929 | D:2      | Noticed Jessica
  1082 | D:2      | Killed Jessica
  1082 | D:2      | Reached XP level 4. HP: 33/33 MP: 4/4
  1186 | D:2      | Killed Robin
  1392 | D:2      | Found a burning altar of Makhleb.
  1392 | D:2      | Noticed a blizzard demon
  1435 | D:2      | Reached skill level 8 in Stealth
  1724 | D:2      | Noticed a hellwing
  1724 | D:2      | Noticed a smoke demon
  1873 | D:3      | Reached XP level 5. HP: 38/38 MP: 5/5
  1924 | D:3      | You fall through a shaft!
  2219 | D:3      | Found a white marble altar of Elyvilon.
  3053 | D:4      | Found a burning altar of Makhleb.
  3057 | D:4      | Found a shadowy altar of Dithmenos.
  3059 | D:4      | Found a stormy altar of Qazlal.
  3059 | D:4      | Found a sparkling altar of Nemelex Xobeh.
  3062 | D:4      | Found an ancient bone altar of Kikubaaqudgha.
  3063 | D:4      | Found a shimmering altar of Xom.
  3064 | D:4      | Found an opulent altar of Gozag.
  3080 | D:4      | Became a worshipper of Nemelex Xobeh the Trickster
  3190 | D:4      | Received a gift from Nemelex Xobeh
  3195 | D:4      | Noticed a black bear
  3208 | D:4      | Killed a black bear
  3208 | D:4      | Reached XP level 6. HP: 8/44 MP: 6/6
  3518 | D:4      | Noticed Blork the orc
  3529 | D:4      | Killed Blork the orc
  3588 | D:4      | Found a staircase to the Ecumenical Temple.
  3798 | D:5      | Entered Level 5 of the Dungeon
  3933 | D:5      | Reached * piety under Nemelex Xobeh
  4187 | D:5      | Reached skill level 9 in Stealth
  4543 | D:5      | Reached skill level 1 in Crossbows
  4816 | D:6      | Reached XP level 7. HP: 50/50 MP: 7/7
  5295 | D:6      | Received a gift from Nemelex Xobeh
  5354 | D:6      | Reached skill level 5 in Dodging
  5856 | D:5      | Reached XP level 8. HP: 38/57 MP: 6/8
  6107 | D:6      | Got a faintly glowing ring mail
  6402 | D:6      | Reached skill level 10 in Stealth
  6422 | D:6      | Got a slimy halberd
  6900 | D:7      | Reached skill level 1 in Long Blades
  6931 | D:7      | Reached skill level 1 in Shields
  7092 | D:7      | Received a gift from Nemelex Xobeh
  7332 | D:7      | Reached ** piety under Nemelex Xobeh
  7995 | D:7      | Identified the +1 ring mail of Sov Dusch {Regen+ MP+9 Dex+6 Stlth+} (You found it on level 6 of the Dungeon)
  8138 | D:7      | Reached XP level 9. HP: 62/62 MP: 9/9
  8415 | D:7      | Received a gift from Nemelex Xobeh
  8578 | D:7      | Noticed Crazy Yiuf
  8585 | D:7      | Killed Crazy Yiuf
  8732 | D:8      | Reached skill level 11 in Stealth
  8759 | D:8      | Reached skill level 1 in Armour
  8974 | D:8      | Identified the +6 halberd of Corruption {chop, MP+9 Int+4} (You found it on level 6 of the Dungeon)
  9162 | D:8      | Received a gift from Nemelex Xobeh
  9195 | D:8      | Reached skill level 1 in Polearms
  9326 | D:9      | Found Hoteh's Food Shop.
  9383 | D:9      | Noticed a cyclops
  9433 | D:8      | Reached XP level 10. HP: 51/70 MP: 10/10
  9543 | D:9      | Killed a cyclops
  9547 | D:9      | Found Igguewki's Jewellery Emporium.
  9557 | D:9      | Found Pekon's Magic Scroll Emporium.
  9574 | D:9      | Reached *** piety under Nemelex Xobeh
  9640 | D:9      | Reached skill level 10 in Dodging
  9696 | D:9      | Found a staircase to the Lair.
  9805 | D:9      | Got a slimy leather armour
  9845 | D:9      | Bought a scroll of enchant armour for 105 gold pieces
  9845 | D:9      | Bought a scroll of identify for 28 gold pieces
  9845 | D:9      | Bought a scroll of identify for 28 gold pieces
  9845 | D:9      | Bought a scroll of identify for 28 gold pieces
  9845 | D:9      | Bought a scroll of enchant armour for 105 gold pieces
  9845 | D:9      | Bought a scroll of enchant armour for 105 gold pieces
  9845 | D:9      | Bought a scroll of remove curse for 42 gold pieces
  9867 | D:9      | Found an iron altar of Okawaru.
  9970 | D:9      | Found Vyss's Magic Scroll Shop.
 10030 | D:9      | Bought a scroll of identify for 30 gold pieces
 10064 | D:9      | Found Xulowaurgh's Food Boutique.
 10218 | Lair:1   | Entered Level 1 of the Lair of Beasts
 10716 | Lair:1   | Noticed a five-headed hydra
 10725 | Lair:1   | Killed an eight-headed hydra
 10725 | Lair:1   | Reached skill level 5 in Fighting
 10725 | Lair:1   | Reached XP level 11. HP: 28/79 MP: 7/11
 10853 | Lair:1   | Noticed a black mamba
 10870 | Lair:1   | Killed a black mamba
 10870 | Lair:1   | Reached skill level 12 in Stealth
 10979 | Lair:1   | Reached skill level 5 in Polearms
 11194 | Lair:1   | Received a gift from Nemelex Xobeh
 11411 | Lair:2   | Reached **** piety under Nemelex Xobeh
 11529 | Lair:2   | Received a gift from Nemelex Xobeh
 11728 | Lair:2   | Gained mutation: You are robust (+10% HP). [potion of beneficial mutation]
 11907 | Lair:2   | Received a gift from Nemelex Xobeh
 12166 | Lair:3   | Reached ***** piety under Nemelex Xobeh
 12280 | Lair:3   | Noticed Maud
 12301 | Lair:3   | Annihilated by Maud

Action                   |  1- 3 |  4- 6 |  7- 9 | 10-12 || total
-------------------------+-------+-------+-------+-------++-------
Melee: Dagger            |     9 |   121 |   106 |       ||   236
       Hand crossbow     |       |    21 |       |       ||    21
       Halberd           |       |       |    49 |   335 ||   384
 Fire: Blowgun           |    55 |     9 |     7 |       ||    71
       Hand crossbow     |       |    56 |   255 |       ||   311
       Arbalest          |       |       |       |     3 ||     3
Throw: Tomahawk          |     1 |     3 |    11 |    10 ||    25
Invok: Triple Draw       |       |       |       |     1 ||     1
Evoke: Deck              |       |     7 |    16 |     1 ||    24
       Wand              |       |     2 |       |       ||     2
  Use: Potion            |       |    22 |    17 |    21 ||    60
       Scroll            |       |    11 |     5 |     9 ||    25
 Stab: Sleeping          |    16 |     7 |    10 |    27 ||    60
       Distracted        |     1 |     1 |     1 |     3 ||     6
